 Dungeon Crawl Stone Soup version 0.23.0-3-gf3c87f2 (webtiles) character file.

Game seed: 3917317179278393298

796 Inarius the Cleaver (level 7, -1/60 HPs)
             Began as a Minotaur Fighter on Feb 20, 2019.
             Slain by Duvessa
             ... wielding a +0 short sword
              (13 damage)
             ... on level 5 of the Dungeon.
             The game lasted 00:04:23 (3784 turns).

Inarius the Cleaver (Minotaur Fighter)              Turns: 3784, Time: 00:04:24

Health: -1/60      AC:  7    Str: 22    XL:     7   Next: 58%
Magic:  6/6        EV: 10    Int:  5    God:
Gold:   191        SH: 10    Dex: 10    Spells: 6/6 levels left

rFire    . . .     SeeInvis .   a - +0 war axe
rCold    . . .     Gourm    .   c - +0 shield
rNeg     + . .     Faith    .   b - +0 scale mail
rPois    .         Spirit   .   (helmet restricted)
rElec    .         Reflect  .   (no cloak)
rCorr    .         Harm     .   (no gloves)
MR       .....                  (no boots)
Stlth    ..........             (no amulet)
HPRegen  0.20/turn              i - ring of positive energy (curse)
MPRegen  0.10/turn              j - +2 ring of evasion

@: no status effects
A: retaliatory headbutt, horns 2
a: no special abilities


You were on level 5 of the Dungeon.
You were hungry.

You visited 1 branch of the dungeon, and saw 5 of its levels.

You collected 191 gold pieces.

Inventory:

Hand Weapons
 a - a +0 war axe (weapon)
Missiles
 k - 8 javelins (quivered)
Armour
 b - a +0 scale mail (worn)
 c - a +0 shield (worn)
Jewellery
 i - a cursed ring of positive energy (left hand)
 j - a +2 ring of evasion (right hand)
Wands
 u - a wand of iceblast (9)
 x - a wand of paralysis (11)
Scrolls
 e - 5 scrolls of identify {unknown}
 g - 3 scrolls of fear {unknown}
 l - 4 scrolls of teleportation {unknown}
 m - a scroll of blinking {unknown}
 r - 3 scrolls of remove curse {unknown}
 v - a scroll of enchant armour {unknown}
 y - a scroll of amnesia {unknown}
Potions
 d - a potion of might
 h - a potion of brilliance {unknown}
 n - a potion of haste
 o - 3 potions of curing {unknown}
 p - 2 potions of degeneration {unknown}
 q - a potion of ambrosia {unknown}
 s - a potion of lignification {unknown}
 t - 2 potions of heal wounds {unknown}
 w - a potion of resistance {unknown}
 A - 2 potions of agility {unknown}
Comestibles
 f - 7 rations
 z - a chunk of flesh


   Skills:
 + Level 4.8 Fighting
 * Level 8.6 Axes
 + Level 4.6 Armour
 + Level 1.4 Dodging
 + Level 0.4 Stealth
 + Level 4.8 Shields


You had 6 spell levels left.
You didn't know any spells.
Your spell library was empty.

Dungeon Overview and Level Annotations

Branches:
Dungeon (4/15)
 Temple: D:4-7

Altars:
Sif Muna
Vehumet

Annotations:
D:5 Duvessa


Innate Abilities, Weirdness & Mutations

You reflexively headbutt those who attack you in melee.
You have a pair of horns on your head.


Message History

Unknown command.
You barely miss Duvessa.
Duvessa is heavily wounded.
Duvessa closely misses you.
Unknown command.
You hit Duvessa.
Duvessa is severely wounded.
Duvessa hits you with a +0 short sword!
* * * LOW HITPOINT WARNING * * *
Duvessa misses you.
Okay, then.
Unknown command.
You hit Duvessa.
Duvessa is severely wounded.
Duvessa closely misses you. x2; You furiously retaliate!
You headbutt Duvessa!
Your shield and scale mail prevent you from hitting Duvessa.
Your headbutt misses Duvessa.
Duvessa is almost dead.
Duvessa hits you with a +0 short sword!
You die...

################
#.......[......#
###>############.#
#.#.# #.###
#..############...#
##@.............#..
#e)†..........#...#
.....###########..##
.......# #..#
#........# #..#
...>.....# #..#
##......$# #..#
####.#### #....
#.###


You could see Duvessa (berserk).

Vanquished Creatures
  A sky beast (D:5)
  An ogre (D:5)
  A centaur (D:3)
  Dowan (D:5)
  A howler monkey (D:4)
  An orc wizard (D:3)
  2 hounds
  A centaur skeleton (D:5)
  Natasha (thrice) (D:3)
  A worker ant (D:5)
  A hound skeleton (D:5)
  3 gnolls (D:3)
  9 adders
  2 oozes
  3 worms (D:2)
  2 leopard geckos (D:3)
  4 orcs (D:3)
  5 giant cockroaches
  10 goblins
  10 hobgoblins
  7 jackals
  6 kobolds
  2 quokkas
  11 bats
  9 frilled lizards
  9 rats
106 creatures vanquished.

Notes
Turn   | Place    | Note
-------+----------+-------------------------------------------
     0 | D:1      | Inarius the Minotaur Fighter began the quest for the Orb.
     0 | D:1      | Reached XP level 1. HP: 19/19 MP: 0/0
   135 | D:1      | Reached XP level 2. HP: 24/27 MP: 1/1
   312 | D:1      | Reached skill level 3 in Axes
   487 | D:2      | Found a radiant altar of Vehumet.
   540 | D:2      | Reached XP level 3. HP: 20/33 MP: 2/2
   809 | D:2      | Found a deep blue altar of Sif Muna.
  1270 | D:2      | Reached skill level 4 in Axes
  1270 | D:2      | Reached XP level 4. HP: 33/40 MP: 3/3
  1817 | D:3      | Reached skill level 5 in Axes
  1871 | D:3      | Reached XP level 5. HP: 37/46 MP: 4/4
  1996 | D:3      | Noticed Natasha
  2006 | D:3      | Killed Natasha
  2159 | D:3      | Noticed Natasha
  2166 | D:3      | Killed Natasha
  2166 | D:3      | Reached skill level 1 in Dodging
  2382 | D:3      | Reached skill level 6 in Axes
  2385 | D:3      | Noticed Natasha
  2390 | D:3      | Killed Natasha
  2437 | D:3      | Noticed a centaur
  2443 | D:3      | Reached XP level 6. HP: 28/53 MP: 5/5
  3040 | D:4      | Reached skill level 7 in Axes
  3366 | D:4      | You fall through a shaft!
  3366 | D:5      | Entered Level 5 of the Dungeon
  3505 | D:5      | Reached XP level 7. HP: 59/60 MP: 6/6
  3521 | D:5      | Reached skill level 8 in Axes
  3762 | D:5      | Noticed Duvessa
  3762 | D:5      | Noticed Dowan
  3777 | D:5      | Killed Dowan
  3784 | D:5      | Slain by Duvessa

Skill      XL: |  1  2  3  4  5  6  7 |
---------------+----------------------+-----
Fighting       | 4 |  4.8
Axes           | 3 4 5 6 7 8 |  8.6
Shields        | 4 |  4.8
Armour         | 4 |  4.6
Dodging        | 1 |  1.4
Stealth        | |  0.4

Action                   |  1- 3 |  4- 6 |  7- 9 || total
-------------------------+-------+-------+-------++-------
Melee: War axe           |   120 |   136 |    40 ||   296
       Headbutt          |    15 |    19 |     6 ||    40
  Use: Potion            |       |     2 |       ||     2
  Eat: Chunk             |     1 |     7 |     1 ||     9
Armor: Scale mail        |    51 |    51 |    14 ||   116
Dodge: Dodged            |    42 |    64 |    15 ||   121
Block: Shield            |    57 |    74 |    13 ||   144
